HSSL
OKLAHOMA CITY HS MAGICIANS @ GRAND RAPIDS HS SUMMIT
05/11/2028
 
TOP OF THE 1ST
Oklahoma City HS Magicians batting - Pitching for Grand Rapids HS Summit : LHP Fernando Ávila
Pitching: LHP Fernando Ávila
Batting: RHB Billy Gray 0-0: Ball
1-0: Called Strike
1-1: Foul Ball, location: 2F
1-2: Ball
2-2: Ball
3-2: Base on Balls
Batting: LHB Andrew Chambers 0-0: Called Strike
0-1: Ball
1-1: Ball
2-1: Ball
3-1: SINGLE (Groundball, 34D)
Billy Gray to second
Runner from 2nd tries for 3rd, SAFE, throw made to third
Batting: LHB Geoff May 0-0: Ball
1-0: SINGLE (Line Drive, 8LS)
Billy Gray scores
Andrew Chambers to second
Batting: RHB Darrell Krieger 0-0: Ball
1-0: Fly out, F8 (Flyball, 89D)
Runner from 2nd tags up, SAFE at 3rd, no throw
Batting: LHB Marcus Hussey 0-0: Ball
1-0: Called Strike
1-1: Ball
2-1: Foul Ball, location: 2F
2-2: Foul Ball, location: 2F
2-2: Fly out, F4 (Popup, 4D)
Batting: LHB Fletcher White 0-0: Called Strike
0-1: Ball
1-1: Foul Ball, location: 2F
1-2: Foul Ball, location: 2F
1-2: Ball
2-2: Strikes out swinging
Top of the 1st over - 1 run(s), 2 hit(s), 0 error(s), 2 left on base; Oklahoma City HS 1 - Grand Rapids HS 0
BOTTOM OF THE 1ST
Grand Rapids HS Summit batting - Pitching for Oklahoma City HS Magicians : RHP Steve Browne
Pitching: RHP Steve Browne
Batting: RHB Ted Morgan 0-0: Called Strike
0-1: Foul Ball, location: 2F
0-2: Ball
1-2: Ball
2-2: Ground out 5-3 (Groundball, 5)
Batting: RHB Julián Maez 0-0: Called Strike
0-1: Ball
1-1: Ball
2-1: Ball
3-1: Foul Ball, location: 2F
3-2: Base on Balls
Batting: RHB Leroy Bates 0-0: Called Strike
0-1: Ball
1-1: Swinging Strike
1-2: Ball
2-2: Strikes out swinging
Batting: LHB Jeffery Casey 0-0: Fly out, F9 (Flyball, 9LMF)
Bottom of the 1st over - 0 run(s), 0 hit(s), 0 error(s), 1 left on base; Oklahoma City HS 1 - Grand Rapids HS 0
TOP OF THE 2ND
Oklahoma City HS Magicians batting - Pitching for Grand Rapids HS Summit : LHP Fernando Ávila
Batting: SHB Royce Griffin 0-0: Called Strike
0-1: Called Strike
0-2: Strikes out looking
Batting: SHB Ron Robinson 0-0: Swinging Strike
0-1: Foul Ball, location: 2F
0-2: Ball
1-2: Ball
2-2: Strikes out swinging
Batting: LHB Jason Thomas 0-0: Called Strike
0-1: SINGLE (Groundball, 6MD)
Batting: RHB Billy Gray 0-0: Foul Ball, location: 2F
0-1: Ball
1-1: Ball
2-1: Foul Ball, location: 2F
2-2: Foul Ball, location: 2F
2-2: Foul Ball, location: 2F
2-2: Foul Ball, location: 2F
2-2: Ball
3-2: Fly out, F7 (Flyball, 78S)
Top of the 2nd over - 0 run(s), 1 hit(s), 0 error(s), 1 left on base; Oklahoma City HS 1 - Grand Rapids HS 0
BOTTOM OF THE 2ND
Grand Rapids HS Summit batting - Pitching for Oklahoma City HS Magicians : RHP Steve Browne
Batting: RHB Rob Walker 0-0: Fly out, F9 (Flyball, 9S)
Batting: LHB Carlos Gutiérrez 0-0: Called Strike
0-1: Ball
1-1: Swinging Strike
1-2: Foul Ball, location: 2F
1-2: Foul Ball, location: 2F
1-2: Ball
2-2: SOLO HOME RUN (Flyball, 89XD), Distance : 389 ft
Batting: RHB Bob Barnes 0-0: Called Strike
0-1: Foul Ball, location: 2F
0-2: Strikes out looking
Batting: RHB Jonathan Holden 0-0: Fly out, F8 (Flyball, 8RM)
Bottom of the 2nd over - 1 run(s), 1 hit(s), 0 error(s), 0 left on base; Oklahoma City HS 1 - Grand Rapids HS 1
TOP OF THE 3RD
Oklahoma City HS Magicians batting - Pitching for Grand Rapids HS Summit : LHP Fernando Ávila
Batting: LHB Andrew Chambers 0-0: Foul Ball, location: 2F
0-1: Foul Ball, location: 2F
0-2: Ball
1-2: Strikes out swinging
Batting: LHB Geoff May 0-0: Ball
1-0: Foul Ball, location: 2F
1-1: Foul Ball, location: 2F
1-2: Ground out U3 (Groundball, 34)
Batting: RHB Darrell Krieger 0-0: Foul Ball, location: 2F
0-1: Fly out, F9 (Flyball, 89M)
Top of the 3rd over - 0 run(s), 0 hit(s), 0 error(s), 0 left on base; Oklahoma City HS 1 - Grand Rapids HS 1
BOTTOM OF THE 3RD
Grand Rapids HS Summit batting - Pitching for Oklahoma City HS Magicians : RHP Steve Browne
Batting: LHB Harry Adams 0-0: Ball
1-0: Swinging Strike
1-1: Ball
2-1: Foul Ball, location: 2F
2-2: Ball
3-2: Strikes out swinging
Batting: RHB Ted Morgan 0-0: Foul Ball, location: 2F
0-1: Ball
1-1: Foul Ball, location: 2F
1-2: Foul Ball, location: 2F
1-2: Ground out 5-3 (Groundball, 5L)
Batting: RHB Julián Maez 0-0: Foul Ball, location: 2F
0-1: Ball
1-1: Ball
2-1: Ball
3-1: Swinging Strike
3-2: Strikes out swinging
Bottom of the 3rd over - 0 run(s), 0 hit(s), 0 error(s), 0 left on base; Oklahoma City HS 1 - Grand Rapids HS 1
TOP OF THE 4TH
Oklahoma City HS Magicians batting - Pitching for Grand Rapids HS Summit : LHP Fernando Ávila
Batting: LHB Marcus Hussey 0-0: Ball
1-0: Foul Ball, location: 2F
1-1: Fly out, F7 (Flyball, 7S)
Batting: LHB Fletcher White 0-0: Ball
1-0: Called Strike
1-1: Called Strike
1-2: Ball
2-2: Foul Ball, location: 2F
2-2: Strikes out looking
Batting: SHB Royce Griffin 0-0: Called Strike
0-1: Ball
1-1: Called Strike
1-2: Ball
2-2: Foul Ball, location: 2F
2-2: Foul Ball, location: 2F
2-2: Foul Ball, location: 2F
2-2: Fly out, F3 (Line Drive, 34)
Top of the 4th over - 0 run(s), 0 hit(s), 0 error(s), 0 left on base; Oklahoma City HS 1 - Grand Rapids HS 1
BOTTOM OF THE 4TH
Grand Rapids HS Summit batting - Pitching for Oklahoma City HS Magicians : RHP Steve Browne
Batting: RHB Leroy Bates 0-0: SOLO HOME RUN (Line Drive, 7LD), Distance : 350 ft
Batting: LHB Jeffery Casey 0-0: Foul Ball, location: 2F
0-1: Ball
1-1: Ball
2-1: Ball
3-1: Base on Balls
Batting: RHB Rob Walker 0-0: Ball
1-0: Swinging Strike
1-1: Swinging Strike
1-2: Ball
Jeffery Casey is caught stealing 2nd base
2-2: Strikes out swinging
Batting: LHB Carlos Gutiérrez 0-0: Called Strike
0-1: Ball
1-1: Swinging Strike
1-2: Strikes out looking
Bottom of the 4th over - 1 run(s), 1 hit(s), 0 error(s), 0 left on base; Oklahoma City HS 1 - Grand Rapids HS 2
TOP OF THE 5TH
Oklahoma City HS Magicians batting - Pitching for Grand Rapids HS Summit : LHP Fernando Ávila
Batting: SHB Ron Robinson 0-0: Ball
1-0: SINGLE (Groundball, 6MD)
Batting: LHB Jason Thomas 0-0: Called Strike
0-1: Swinging Strike
0-2: Ball
1-2: Ball
2-2: Strikes out swinging
Pitching: LHP Keith Baldwin
Batting: RHB Billy Gray 0-0: Fly out, F7 (Flyball, 78S)
Batting: LHB Andrew Chambers Pickoff Throw to First - Out!
Top of the 5th over - 0 run(s), 1 hit(s), 0 error(s), 0 left on base; Oklahoma City HS 1 - Grand Rapids HS 2
BOTTOM OF THE 5TH
Grand Rapids HS Summit batting - Pitching for Oklahoma City HS Magicians : RHP Steve Browne
Batting: RHB Bob Barnes 0-0: Ball
1-0: Swinging Strike
1-1: Ball
2-1: Fly out, F9 (Flyball, 9)
Batting: RHB Jonathan Holden 0-0: Fly out, F8 (Flyball, 8LXD)
Batting: LHB Harry Adams 0-0: Swinging Strike
0-1: Called Strike
0-2: Ball
1-2: Strikes out swinging
Bottom of the 5th over - 0 run(s), 0 hit(s), 0 error(s), 0 left on base; Oklahoma City HS 1 - Grand Rapids HS 2
TOP OF THE 6TH
Oklahoma City HS Magicians batting - Pitching for Grand Rapids HS Summit : LHP Keith Baldwin
Batting: LHB Andrew Chambers 0-0: Ball
1-0: Foul Ball, location: 2F
1-1: Ball
2-1: Ball
3-1: Called Strike
3-2: Strikes out looking
Batting: LHB Geoff May 0-0: SINGLE (Groundball, 56S) (infield hit)
Batting: RHB Darrell Krieger 0-0: Ball
1-0: Ball
Geoff May steals 2nd base
2-0: Foul Ball, location: 2F
2-1: Foul Ball, location: 2F
2-2: Ball
3-2: SINGLE (Flyball, 9LS)
Geoff May to third
Batting: LHB Marcus Hussey 0-0: Ball
1-0: Fly out, F8 (Line Drive, 8RM)
Runner from 3rd tags up, SCORES, throw made
Batting: LHB Fletcher White 0-0: Swinging Strike
0-1: Ball
1-1: Foul Ball, location: 2F
1-2: Foul Ball, location: 2F
1-2: Strikes out swinging
Top of the 6th over - 1 run(s), 2 hit(s), 0 error(s), 1 left on base; Oklahoma City HS 2 - Grand Rapids HS 2
BOTTOM OF THE 6TH
Grand Rapids HS Summit batting - Pitching for Oklahoma City HS Magicians : RHP Steve Browne
Batting: RHB Ted Morgan 0-0: Called Strike
0-1: Ball
1-1: Ball
2-1: SINGLE (Groundball, 6MD)
Batting: RHB Julián Maez 0-0: Ball
1-0: Called Strike
1-1: Foul Ball, location: 2F
1-2: Fly out, F8 (Flyball, 8LD)
Batting: RHB Leroy Bates 0-0: Ball
1-0: Foul Ball, location: 2F
1-1: Grounds into double play, 4-6-3 (Groundball, 4)
Bottom of the 6th over - 0 run(s), 1 hit(s), 0 error(s), 0 left on base; Oklahoma City HS 2 - Grand Rapids HS 2
TOP OF THE 7TH
Oklahoma City HS Magicians batting - Pitching for Grand Rapids HS Summit : LHP Keith Baldwin
Batting: SHB Royce Griffin 0-0: Called Strike
0-1: Ball
1-1: Foul Ball, location: 2F
1-2: Foul Ball, location: 2F
1-2: SOLO HOME RUN (Flyball, 89XD), Distance : 391 ft
Pitching: RHP Julián Freitas
Batting: SHB Ron Robinson 0-0: Called Strike
0-1: Ball
1-1: Foul Ball, location: 2F
1-2: Ball
2-2: Foul Ball, location: 2F
2-2: SOLO HOME RUN (Flyball, 89XD), Distance : 364 ft
Batting: LHB Jason Thomas 0-0: Foul Ball, location: 2F
0-1: Swinging Strike
0-2: Strikes out swinging
Batting: RHB Billy Gray 0-0: Foul Ball, location: 2F
0-1: Ball
1-1: Foul Ball, location: 2F
1-2: Strikes out swinging
Batting: LHB Andrew Chambers 0-0: Ball
1-0: Ball
2-0: Ball
3-0: Base on Balls
Batting: LHB Geoff May 0-0: Foul Ball, location: 2F
0-1: Foul Ball, location: 2F
0-2: Ball
1-2: Foul Ball, location: 2F
1-2: SINGLE (Line Drive, 89M)
Andrew Chambers to second
Runner from 2nd tries for 3rd, SAFE, throw made to third
Batting: RHB Darrell Krieger 0-0: Ball
1-0: Foul Ball, location: 2F
1-1: Swinging Strike
1-2: Foul Ball, location: 2F
1-2: Ball
2-2: Foul Ball, location: 2F
2-2: Ball
3-2: Foul Ball, location: 2F
3-2: Strikes out swinging
Top of the 7th over - 2 run(s), 3 hit(s), 0 error(s), 2 left on base; Oklahoma City HS 4 - Grand Rapids HS 2
BOTTOM OF THE 7TH
Grand Rapids HS Summit batting - Pitching for Oklahoma City HS Magicians : RHP Steve Browne
Pitching: RHP Chris Frye
Batting: LHB Jeffery Casey 0-0: Called Strike
0-1: DOUBLE (Line Drive, 78M)
Batting: RHB Rob Walker 0-0: Ball
1-0: Called Strike
1-1: 2-RUN HOME RUN (Flyball, 7D), Distance : 360 ft
Pitching: RHP Ray Holmes
Batting: LHB Carlos Gutiérrez 0-0: Ball
1-0: Foul Ball, location: 2F
1-1: Ball
2-1: Ball
3-1: Foul Ball, location: 2F
3-2: Base on Balls
Batting: RHB Bob Barnes 0-0: Swinging Strike
0-1: Ground out U3 (Groundball, 3S)
Carlos Gutiérrez to second
Batting: RHB Jonathan Holden 0-0: Ball
1-0: Called Strike
1-1: Ground out 5-3 (Groundball, 5)
Batting: LHB Harry Adams 0-0: Ball
1-0: Ball
2-0: Ball
3-0: Base on Balls
Batting: RHB Ted Morgan 0-0: Called Strike
0-1: Called Strike
0-2: Ball
1-2: Strikes out swinging
Bottom of the 7th over - 2 run(s), 2 hit(s), 0 error(s), 2 left on base; Oklahoma City HS 4 - Grand Rapids HS 4
TOP OF THE 8TH
Oklahoma City HS Magicians batting - Pitching for Grand Rapids HS Summit : RHP Julián Freitas
Batting: LHB Marcus Hussey 0-0: DOUBLE (Line Drive, 9)
Batting: LHB Fletcher White 0-0: Intentional Walk
Pitching: RHP Louis Buck
Batting: SHB Royce Griffin 0-0: Ground out 4-3 (Groundball, 4D)
Marcus Hussey to third
Fletcher White to second
Batting: SHB Ron Robinson 0-0: Intentional Walk
Batting: LHB Jason Thomas 0-0: Called Strike
0-1: Ball
1-1: Ball
2-1: Ball
3-1: Base on Balls
Marcus Hussey scores
Fletcher White to third
Ron Robinson to second
Pitching: RHP Pedro Guzmán
Batting: RHB Billy Gray 0-0: Ball
1-0: Grounds into fielders choice 6-2 (Groundball, 6)
Ron Robinson to third
Jason Thomas to second
Pitching: LHP Chase Callahan
Batting: LHB Andrew Chambers 0-0: Foul Ball, location: 2F
0-1: Swinging Strike
0-2: Ball
1-2: Fielders Choice at 2nd, 5-4 (Groundball, 5)
Top of the 8th over - 1 run(s), 1 hit(s), 0 error(s), 2 left on base; Oklahoma City HS 5 - Grand Rapids HS 4
BOTTOM OF THE 8TH
Grand Rapids HS Summit batting - Pitching for Oklahoma City HS Magicians : RHP Ray Holmes
Pitching: RHP Clifford Sullivan
Batting: RHB Julián Maez 0-0: Swinging Strike
0-1: Called Strike
0-2: Ball
1-2: Fly out, F3 (Popup, 3D)
Batting: RHB Leroy Bates 0-0: Ball
1-0: Called Strike
1-1: Foul Ball, location: 2F
1-2: Hit by Pitch
Batting: LHB Jeffery Casey 0-0: Called Strike
0-1: Ball
1-1: Ball
2-1: Swinging Strike
2-2: Foul Ball, location: 2F
2-2: Foul Ball, location: 2F
2-2: Ball
3-2: Base on Balls
Leroy Bates to second
Batting: RHB Rob Walker 0-0: Called Strike
0-1: Foul Ball, location: 2F
0-2: Fly out, F7 (Flyball, 7LMF)
Batting: LHB Carlos Gutiérrez 0-0: SINGLE (Flyball, 7S)
Leroy Bates to third
Jeffery Casey to second
Runner from 3rd tries for Home, SAFE, no throw
Batting: RHB Bob Barnes 0-0: Ball
1-0: Reached via error on a dropped throw, E6
Jeffery Casey to third
Carlos Gutiérrez to second
Batting: RHB Jonathan Holden 0-0: Ball
1-0: Called Strike
1-1: Foul Ball, location: 2F
1-2: Foul Ball, location: 2F
1-2: Hit by Pitch
Jeffery Casey scores
Carlos Gutiérrez to third
Bob Barnes to second
Pitching: RHP Nate Dougherty
Batting: LHB Harry Adams 0-0: Fly out, F8 (Line Drive, 8RXD)
Bottom of the 8th over - 2 run(s), 1 hit(s), 1 error(s), 3 left on base; Oklahoma City HS 5 - Grand Rapids HS 6
TOP OF THE 9TH
Oklahoma City HS Magicians batting - Pitching for Grand Rapids HS Summit : LHP Chase Callahan
Pitching: RHP Jack Reilly
Batting: LHB Geoff May 0-0: Ball
1-0: Called Strike
1-1: Foul Ball, location: 2F
1-2: Foul Ball, location: 2F
1-2: Ball
2-2: Foul Ball, location: 2F
2-2: Ball
3-2: Ground out 4-3 (Groundball, 4)
Batting: RHB Darrell Krieger 0-0: Ball
1-0: Foul Ball, location: 2F
1-1: Ball
2-1: Ground out 4-3 (Groundball, 4)
Batting: LHB Marcus Hussey 0-0: DOUBLE (Line Drive, 78XD)
Batting: LHB Fletcher White 0-0: Called Strike
0-1: Ball
1-1: Ball
2-1: Ball
3-1: Base on Balls
Batting: SHB Royce Griffin 0-0: Ball
1-0: Foul Ball, location: 2F
1-1: Foul Ball, location: 2F
1-2: 3-RUN HOME RUN (Flyball, 7LD), Distance : 338 ft
Pitching: RHP Joe Metcalf
Batting: SHB Ron Robinson 0-0: Ball
1-0: Ball
2-0: Foul Ball, location: 2F
2-1: Ball
3-1: SINGLE (Line Drive, 9S)
Batting: LHB Jason Thomas 0-0: SINGLE (Line Drive, 89S)
Ron Robinson to second
Batting: RHB Billy Gray 0-0: Foul Ball, location: 2F
0-1: Foul Ball, location: 2F
0-2: Ball
1-2: Ball
2-2: Ball
3-2: Ground out 4-3 (Groundball, 4)
Top of the 9th over - 3 run(s), 4 hit(s), 0 error(s), 2 left on base; Oklahoma City HS 8 - Grand Rapids HS 6
BOTTOM OF THE 9TH
Grand Rapids HS Summit batting - Pitching for Oklahoma City HS Magicians : RHP Nate Dougherty
Pitching: RHP Mike Giles
Batting: RHB Ted Morgan 0-0: SINGLE (Line Drive, 8RM)
Batting: RHB Julián Maez 0-0: Foul Ball, location: 2F
0-1: Ball
1-1: Ball
2-1: Ball
3-1: Base on Balls
Ted Morgan to second
Batting: RHB Leroy Bates 0-0: Ball
1-0: Ball
2-0: Foul Ball, location: 2F
2-1: Ball
3-1: Base on Balls
Ted Morgan to third
Julián Maez to second
Batting: LHB Jeffery Casey 0-0: Called Strike
0-1: SINGLE (Groundball, 4MD)
Ted Morgan scores
Julián Maez to third
Leroy Bates to second
Batting: RHB Rob Walker 0-0: Ball
1-0: Swinging Strike
1-1: Ball
2-1: Swinging Strike
2-2: Foul Ball, location: 2F
2-2: Ball
3-2: Foul Ball, location: 2F
3-2: Base on Balls
Julián Maez scores
Leroy Bates to third
Jeffery Casey to second
Pitching: RHP Sherman Daniels
Batting: LHB Carlos Gutiérrez 0-0: Called Strike
0-1: Ball
1-1: Ball
2-1: Foul Ball, location: 2F
2-2: Strikes out swinging
Batting: RHB Bob Barnes 0-0: Ball
1-0: Foul Ball, location: 2F
1-1: Grounds into fielders choice 5-2 (Groundball, 5S)
Jeffery Casey to third
Rob Walker to second
Batting: RHB Jonathan Holden 0-0: Called Strike
0-1: Swinging Strike
0-2: Strikes out swinging
Bottom of the 9th over - 2 run(s), 2 hit(s), 0 error(s), 3 left on base; Oklahoma City HS 8 - Grand Rapids HS 8
TOP OF THE 10TH
Oklahoma City HS Magicians batting - Pitching for Grand Rapids HS Summit : RHP Joe Metcalf
Pitching: LHP Michel Sharkey
Batting: LHB Andrew Chambers 0-0: Called Strike
0-1: Ball
1-1: Foul Ball, location: 2F
1-2: Foul Ball, location: 2F
1-2: Foul Ball, location: 2F
1-2: Ball
2-2: Ball
3-2: Ground out U3 (Groundball, 3)
Batting: LHB Geoff May 0-0: Ball
1-0: Ball
2-0: Called Strike
2-1: Ball
3-1: Swinging Strike
3-2: Strikes out swinging
Batting: RHB Darrell Krieger 0-0: Called Strike
0-1: Called Strike
0-2: Strikes out looking
Top of the 10th over - 0 run(s), 0 hit(s), 0 error(s), 0 left on base; Oklahoma City HS 8 - Grand Rapids HS 8
BOTTOM OF THE 10TH
Grand Rapids HS Summit batting - Pitching for Oklahoma City HS Magicians : RHP Sherman Daniels
Batting: LHB Harry Adams 0-0: Called Strike
0-1: Swinging Strike
0-2: Strikes out swinging
Batting: RHB Ted Morgan 0-0: Called Strike
0-1: Called Strike
0-2: Ball
1-2: Ball
2-2: Ball
3-2: Strikes out swinging
Batting: RHB Julián Maez 0-0: Called Strike
0-1: Hit by Pitch
Batting: RHB Leroy Bates 0-0: Ball
1-0: Foul Ball, location: 2F
1-1: Ball
2-1: Called Strike
2-2: SINGLE (Groundball, 6MD)
Julián Maez to second
Runner from 2nd tries for 3rd, SAFE, throw made to third
Batting: LHB Jeffery Casey 0-0: Called Strike
0-1: Ball
1-1: Ball
2-1: Ball
3-1: Called Strike
3-2: Foul Ball, location: 2F
3-2: SINGLE (Groundball, 34D)
Julián Maez scores
Tuesday, August 8th, 2017 - OOTP Baseball 17.12 Build 75